 Dungeon Crawl Stone Soup version 0.23-a0-298-g1df1716405 (webtiles) character file.

35 Kublaii the Digger (level 3, -3/19 HPs)
             Began as a Gargoyle Earth Elementalist on Oct 6, 2018.
             Slain by a worm (10 damage)
             ... on level 2 of the Dungeon.
             The game lasted 00:07:04 (1044 turns).

Kublaii the Digger (Gargoyle Earth Elementalist)    Turns: 1044, Time: 00:07:04

Health: -3/19      AC:  5    Str: 11    XL:     3   Next: 33%
Magic:  4/7        EV: 12    Int: 16    God:
Gold:   94         SH:  0    Dex: 10    Spells: 3/7 levels left

rFire    . . .     SeeInvis .   f - +0 short sword
rCold    . . .     Gourm    .   (no shield)
rNeg     + . .     Faith    .   c - +0 robe
rPois    ∞         Spirit   .   (no helmet)
rElec    +         Reflect  .   (no cloak)
rCorr    .         Harm     .   (no gloves)
MR       .....                  (no boots)
Stlth    ++........             (no amulet)
HPRegen  0.06/turn              (no ring)
MPRegen  0.10/turn              (no ring)

@: no status effects
A: negative energy resistance 1, electricity resistance, unbreathing,
petrification resistance, rot immunity, AC +3
a: no special abilities


You were on level 2 of the Dungeon.
You were not hungry.

You visited 1 branch of the dungeon, and saw 2 of its levels.

You collected 94 gold pieces.

Inventory:

Hand Weapons
 f - a +0 short sword (weapon)
Missiles
 b - 10 stones (quivered)
 g - 28 sling bullets
Armour
 c - a +0 robe (worn)
 k - a cursed +0 leather armour
Scrolls
 a - a scroll of teleportation {unknown}
 i - a scroll of enchant armour {unknown}
 j - a scroll of enchant weapon {unknown}
Potions
 e - a potion of magic {unknown}
 h - a potion of brilliance {unknown}
Comestibles
 d - 3 rations
 l - 3 chunks of flesh


   Skills:
 - Level 1.5 Dodging
 - Level 2.1 Stealth
 + Level 2.8 Spellcasting
   Level 0.7 Transmutations
 + Level 4.5 Earth Magic


You had 3 spell levels left.
You knew the following spells:

 Your Spells              Type           Power        Failure   Level  Hunger
a - Sandblast             Erth           ###...       3%          1    #......
b - Stone Arrow           Conj/Erth      #.....       22%         3    ###....

Your spell library contained the following spells:

 Spells                   Type           Power        Failure   Level  Hunger
 Passwall                 Tmut/Erth      ##......     10%         2    ##.....
 Petrify                  Tmut/Erth      ##......     54%         4    #####..
 Lee's Rapid Deconstruct  Erth           ###.......   63%         5    ######.


Dungeon Overview and Level Annotations

Branches:
Dungeon (2/15)

Altars:


Innate Abilities, Weirdness & Mutations

You are resistant to torment.
Your stone body is resilient. (AC +3)
You are immune to poison.
You resist negative energy. (rN+)
You are resistant to electric shocks. (rElec)
You can survive without breathing.
You are immune to petrification.
You are immune to rotting.


Message History

The worm is moderately wounded.
The worm bites you!
Casting: Sandblast (safe; 3% risk of failure)
Confirm with . or Enter, or press ? or * to list all spells.
Aiming: Sandblast (safe; 3% risk of failure)
Press: ? - help, Shift-Dir - straight line, f - worm
Aim: a worm (moderately wounded)
The blast of sand hits the worm.
The worm is severely wounded.
b - 11 stones
Casting: Sandblast (safe; 3% risk of failure)
Confirm with . or Enter, or press ? or * to list all spells.
Aiming: Sandblast (safe; 3% risk of failure)
Press: ? - help, Shift-Dir - straight line, f/p - worm
Aim: a worm (severely wounded)
The blast of sand misses the worm.
b - 10 stones The worm bites you!
Ouch! That really hurt!
You die...

### #.. #.# #.#.#
###.#.# #.#.#.#####
#.......@w#
#.#.#.###.# #.#.#.#
.#
.######.#.#.###.#.
...............)...
####.#.#.#...#.###
#.#.###.#.. #.#.#.#
.### #.#.#.# .#


You could see a worm.

Vanquished Creatures
  An ooze (D:2)
  2 leopard geckos (D:1)
  A giant cockroach (D:1)
  4 goblins (D:1)
  6 hobgoblins
  2 bats (D:1)
  A frilled lizard (D:1)
  5 kobolds
  4 rats
26 creatures vanquished.

Notes
Turn   | Place    | Note
-------+----------+-------------------------------------------
     0 | D:1      | Kublaii the Gargoyle Earth Elementalist began the quest for
                  | the Orb.
     0 | D:1      | Reached XP level 1. HP: 10/10 MP: 3/3
   168 | D:1      | Reached skill level 4 in Earth Magic
   168 | D:1      | Reached XP level 2. HP: 13/15 MP: 1/5
   805 | D:1      | Reached XP level 3. HP: 19/19 MP: 4/6
   908 | D:1      | Learned a level 3 spell: Stone Arrow
  1044 | D:2      | Slain by a worm

Vault maps used:
D:1:      tarquinn_simple_flora_water_e, minmay_tetromino_o2
D:2:      uniq_natasha

Skill      XL: |  1 |
---------------+----+-----
Earth Magic    | 4 |  4.5
Dodging        | |  1.5
Stealth        | |  2.1
Spellcasting   | |  2.8
Transmutations | |  0.7

Action                   || total
-------------------------++-------
Melee: Unarmed           ||    17
       Short sword       ||    56
 Cast: Sandblast         ||    24
 Stab: Sleeping          ||     2
  Eat: Chunk             ||     1
Armor: Robe              ||    23
Dodge: Dodged            ||    59

Table legend:
 A = Non-vault XP
 B = Vault XP
 C = Vault XP percentage of total XP
 D = Non-vault monster count
 E = Vault monster count
 F = Vault count percentage of total count
                 A         B        C        D         E       F
            +---------+---------+-------+---------+---------+-------
      Total |      48 |       2 |   4.0 |      24 |       2 |   7.7
            +---------+---------+-------+---------+---------+-------
        D:1 |      33 |       2 |   5.7 |      18 |       2 |  10.0
        D:2 |      15 |       0 |   0.0 |       6 |       0 |   0.0
            +---------+---------+-------+---------+---------+-------
